[Event "FIDE Grand Swiss 2023"]
[Site "Villa Marina, Douglas, Isle of Man"]
[Date "2023.11.01"]
[Round "7.28"]
[White "Gledura, Benjamin"]
[Black "Tabatabaei, M. Amin"]
[Result "1-0"]
[WhiteElo "2633"]
[BlackElo "2685"]
[EventDate "2023.10.25"]
[ECO "D35"]
[PlyCount "123"]
[BlackFideId "12521213"]
[TimeControl "40/100 + 20/50 + 15 + 30s/move"]
[WhiteFideId "712779"]

1.d4 Nf6 2.c4 e6 3.Nc3 d5 4.cxd5 exd5 5.Bg5 Be7 6.e3 O-O 7.Bd3 Re8 8.Nge2 c6 9.h3 Nbd7 10.Qc2 b5 11.O-O g6 12.Nc1 a5 13.a4 b4 14.N3e2 Qb6 15.Nb3 Ba6 16.Bxa6 Qxa6 17.Rac1 Rac8 18.Nf4 Bf8 19.Bxf6 Nxf6 20.Qe2 Qb6 21.Rc2 Bd6 22.Nd3 h5 23.Rfc1 Kg7 24.Ndc5 Bb8 25.Qf3 Re7 26.Nd2 Qc7 27.Nf1 Ba7 28.Nd3 Qb7 29.Nd2 Bb8 30.Nb3 Qb6 31.Rc5 Ne4 32.R5c2 Bd6 33.Qd1 Bb8 34.Nbc5 Kg8 35.Nxe4 dxe4 36.Nc5 Qc7 37.g3 Qd6 38.h4 Qd5 39.Qf1 Bc7 40.Qa6 Rb8 41.Qc4 Bb6 42.Na6 Ra8 43.Qxd5 cxd5 44.Nc7 Bxc7 45.Rxc7 Ree8 46.R1c6 b3 47.Rb7 Reb8 48.Rcc7 Rxb7 49.Rxb7 Kg7 50.Rxb3 Kf6 51.Rb6+ Ke7 52.b3 Kd7 53.Kg2 Ke7 54.Kh3 Rc8 55.Rb5 Kd6 56.Rxa5 Rb8 57.Rb5 Rxb5 58.axb5 f5 59.g4 hxg4+ 60.Kg3 Kc7 61.Kf4 Kb6 62.Ke5 1-0

[Event "FIDE Grand Swiss 2023"]
[Site "Villa Marina, Douglas, Isle of Man"]
[Date "2023.11.01"]
[Round "7.29"]
[White "Durarbayli, Vasif"]
[Black "Abasov, Nijat"]
[Result "1/2-1/2"]
[WhiteElo "2625"]
[BlackElo "2679"]
[EventDate "2023.10.25"]
[ECO "C70"]
[PlyCount "55"]
[BlackClock "01:00:01"]
[BlackFideId "13402960"]
[TimeControl "40/100 + 20/50 + 15 + 30s/move"]
[WhiteClock "00:11:02"]
[WhiteFideId "13402935"]

1.e4 e5 2.Nf3 Nc6 3.Bb5 a6 4.Ba4 Bc5 5.O-O Nge7 6.Nxe5 Nxe5 7.d4 b5 8.Bb3 Bxd4 9.Qxd4 d6 10.f4 c5 11.Qc3 N5g6 12.a4 Bb7 13.axb5 axb5 14.Rxa8 Bxa8 15.Ba2 c4 16.Qd4 O-O 17.Nc3 Nc6 18.Qf2 Nb4 19.Bb1 Re8 20.Bd2 Na6 21.f5 Ne5 22.f6 Ng4 23.Qg3 Nxf6 24.Bh6 Nh5 25.Qf3 Nf6 26.Qg3 Nh5 27.Qf3 Nf6 28.Qg3 1/2-1/2

[Event "FIDE Grand Swiss 2023"]
[Site "Villa Marina, Douglas, Isle of Man"]
[Date "2023.11.01"]
[Round "7.30"]
[White "Bluebaum, Matthias"]
[Black "Sargsyan, Shant"]
[Result "1/2-1/2"]
[WhiteElo "2668"]
[BlackElo "2631"]
[EventDate "2023.10.25"]
[ECO "D00"]
[PlyCount "61"]
[BlackClock "00:48:24"]
[BlackFideId "13306766"]
[TimeControl "40/100 + 20/50 + 15 + 30s/move"]
[WhiteClock "00:32:41"]
[WhiteFideId "24651516"]

1.d4 Nf6 2.Bf4 g6 3.Nc3 d5 4.Nf3 Bg7 5.e3 O-O 6.Be2 Bg4 7.h3 Bxf3 8.Bxf3 c6 9.O-O Re8 10.Ne2 Nbd7 11.Rc1 e5 12.dxe5 Nxe5 13.Bxe5 Rxe5 14.c4 Qb6 15.Qd4 Qxd4 16.Nxd4 dxc4 17.Rxc4 Nd7 18.Rd1 Nb6 19.Rc2 a5 20.Nb3 Bf8 21.Nd2 Rd8 22.b3 Bb4 23.Nc4 Rxd1+ 24.Bxd1 Nxc4 25.Rxc4 Rd5 26.Rd4 Rxd4 27.exd4 Bc3 28.d5 cxd5 29.Bf3 Kg7 30.Bxd5 b6 31.Kf1 1/2-1/2

[Event "FIDE Grand Swiss 2023"]
[Site "Villa Marina, Douglas, Isle of Man"]
[Date "2023.11.01"]
[Round "7.31"]
[White "Pichot, Alan"]
[Black "Mishra, Abhimanyu"]
[Result "1-0"]
[WhiteElo "2650"]
[BlackElo "2592"]
[EventDate "2023.10.25"]
[ECO "B54"]
[PlyCount "93"]
[BlackClock "00:42:25"]
[BlackFideId "30920019"]
[TimeControl "40/100 + 20/50 + 15 + 30s/move"]
[WhiteClock "00:57:50"]
[WhiteFideId "110973"]

1.e4 c5 2.Nf3 d6 3.d4 cxd4 4.Nxd4 Nf6 5.Bd3 Nc6 6.Be3 g6 7.h3 Bg7 8.c4 O-O 9.Nc3 Bd7 10.Nde2 Ne5 11.O-O a6 12.a4 Qa5 13.b3 Nxd3 14.Qxd3 Rfc8 15.Bd4 Bc6 16.Nd5 Bxd5 17.exd5 Re8 18.Rfe1 e5 19.dxe6 Rxe6 20.Bc3 Qb6 21.a5 Qc5 22.Nf4 Rxe1+ 23.Rxe1 Re8 24.Rxe8+ Nxe8 25.Nd5 Kf8 26.Qd2 Qc8 27.Bxg7+ Kxg7 28.Qd4+ f6 29.Qb6 Kf7 30.b4 g5 31.b5 axb5 32.cxb5 Ke6 33.Qd4 f5 34.g4 Qc1+ 35.Kg2 Qb1 36.gxf5+ Qxf5 37.a6 bxa6 38.b6 Qb1 39.Nb4 Nf6 40.b7 Nd7 41.Qd5+ Ke7 42.Nc6+ Kf8 43.Qxd6+ Kg8 44.Qe6+ Kf8 45.Qe7+ Kg8 46.Qe8+ Nf8 47.b8=Q 1-0

[Event "FIDE Grand Swiss 2023"]
[Site "Villa Marina, Douglas, Isle of Man"]
[Date "2023.11.01"]
[Round "7.32"]
[White "Saric, Ivan"]
[Black "Mareco, Sandro"]
[Result "1-0"]
[WhiteElo "2647"]
[BlackElo "2606"]
[EventDate "2023.10.25"]
[ECO "C78"]
[PlyCount "57"]
[BlackFideId "112275"]
[TimeControl "40/100 + 20/50 + 15 + 30s/move"]
[WhiteFideId "14508150"]

1.e4 e5 2.Nf3 Nc6 3.Bb5 a6 4.Ba4 Nf6 5.O-O b5 6.Bb3 Bb7 7.Nc3 Bc5 8.Nd5 O-O 9.c3 Na5 10.Bc2 Be7 11.d4 d6 12.Re1 Nc4 13.b3 Nb6 14.c4 bxc4 15.bxc4 Nxc4 16.Nxe7+ Qxe7 17.Qd3 Nb6 18.dxe5 dxe5 19.Ba3 c5 20.Rab1 Nfd7 21.Qc3 Rab8 22.Bb2 Rfe8 23.Nxe5 Nxe5 24.Qxe5 Qf8 25.Qg3 Nd7 26.Ba4 Rbd8 27.Bxg7 Qxg7 28.Rxb7 Re7 29.Rd1 1-0

[Event "FIDE Grand Swiss 2023"]
[Site "Villa Marina, Douglas, Isle of Man"]
[Date "2023.11.01"]
[Round "7.33"]
[White "Huschenbeth, Niclas"]
[Black "Svane, Rasmus"]
[Result "1-0"]
[WhiteElo "2605"]
[BlackElo "2646"]
[EventDate "2023.10.25"]
[ECO "C42"]
[PlyCount "169"]
[BlackFideId "4657101"]
[TimeControl "40/100 + 20/50 + 15 + 30s/move"]
[WhiteFideId "24604747"]

1.e4 e5 2.Nf3 Nf6 3.Nxe5 d6 4.Nf3 Nxe4 5.d4 d5 6.Bd3 Nc6 7.O-O Be7 8.Nbd2 Bf5 9.Re1 Nxd2 10.Qxd2 Bg6 11.Bxg6 hxg6 12.Qd3 Qd7 13.Bg5 O-O 14.Bxe7 Nxe7 15.Ne5 Qd6 16.Re2 Rae8 17.Rae1 Nc8 18.Nf3 Rxe2 19.Rxe2 Qd7 20.Ne5 Qe6 21.Nf3 Qd7 22.Re5 Re8 23.Qb3 Nb6 24.Qe3 Rxe5 25.dxe5 Qe7 26.b3 c5 27.e6 fxe6 28.Qe5 Nd7 29.Qc7 Qf6 30.h4 Nf8 31.Ng5 Qa1+ 32.Kh2 Qf6 33.Kg1 Qa1+ 34.Kh2 Qf6 35.f4 b6 36.g3 a5 37.a4 Qf5 38.Kg1 Qf6 39.Kh2 Qf5 40.Kg1 Qf6 41.Kg2 Nh7 42.Qc8+ Nf8 43.Qc7 Nh7 44.Qxb6 Nxg5 45.hxg5 Qf5 46.Qxc5 Qe4+ 47.Kf2 d4 48.Qc4 Qe3+ 49.Kg2 Qd2+ 50.Kf1 Qc1+ 51.Kg2 Qd2+ 52.Kf3 Qe3+ 53.Kg4 Qe4 54.c3 Qh1 55.Qxe6+ Kh8 56.f5 gxf5+ 57.Qxf5 dxc3 58.Qc8+ Kh7 59.Qf5+ Kh8 60.Qc2 Qd5 61.g6 Qd2 62.Qe4 Qd1+ 63.Kh4 Qd8+ 64.Kh3 Qd7+ 65.g4 Qd8 66.Qc4 Qe8 67.Qxc3 Qb8 68.Qg3 Qxb3 69.Kh4 Qb6 70.Qd3 Qf2+ 71.Kh3 Qb6 72.Qe4 Qb3+ 73.Kh4 Qb8 74.Qh1 Qe8 75.Kg5+ Kg8 76.Qh7+ Kf8 77.Qh8+ Ke7 78.Qxe8+ Kxe8 79.Kf5 Kd7 80.Ke5 Ke7 81.g5 Kd7 82.Kd5 Ke7 83.Kc5 Ke6 84.Kb5 Kf5 85.Kxa5 1-0

[Event "FIDE Grand Swiss 2023"]
[Site "Villa Marina, Douglas, Isle of Man"]
[Date "2023.11.01"]
[Round "7.34"]
[White "Ponomariov, Ruslan"]
[Black "Jumabayev, Rinat"]
[Result "0-1"]
[WhiteElo "2641"]
[BlackElo "2585"]
[EventDate "2023.10.25"]
[ECO "A05"]
[PlyCount "62"]
[BlackFideId "13702661"]
[TimeControl "40/100 + 20/50 + 15 + 30s/move"]
[WhiteFideId "14103320"]

1.c4 c5 2.Nf3 Nc6 3.g3 Nf6 4.Bg2 d5 5.cxd5 Nxd5 6.d4 Nf6 7.O-O cxd4 8.Bf4 Ng4 9.Qa4 Qd7 10.h3 e5 11.Bg5 h6 12.hxg4 hxg5 13.Rc1 Be7 14.Nbd2 O-O 15.Nh2 Qe6 16.Qb5 Rd8 17.Be4 g6 18.Ndf3 a6 19.Qb6 Rd6 20.Qc5 Bd7 21.Bxc6 Bxc6 22.Qxe5 Bf6 23.Qc5 d3 24.exd3 Bxb2 25.Re1 Qd5 26.Qxd5 Rxd5 27.Rab1 Bf6 28.Nf1 Rad8 29.d4 Bxd4 30.Ne3 Bxe3 31.fxe3 Ra5 0-1

[Event "FIDE Grand Swiss 2023"]
[Site "Villa Marina, Douglas, Isle of Man"]
[Date "2023.11.01"]
[Round "7.35"]
[White "Petrosyan, Manuel"]
[Black "Sadhwani, Raunak"]
[Result "1-0"]
[WhiteElo "2604"]
[BlackElo "2641"]
[EventDate "2023.10.25"]
[ECO "C80"]
[PlyCount "131"]
[BlackFideId "35093487"]
[TimeControl "40/100 + 20/50 + 15 + 30s/move"]
[WhiteFideId "13300857"]

1.e4 e5 2.Nf3 Nc6 3.Bb5 a6 4.Ba4 Nf6 5.O-O Nxe4 6.d4 b5 7.Bb3 d5 8.dxe5 Be6 9.Be3 Be7 10.c3 O-O 11.Nbd2 Bg4 12.Nxe4 dxe4 13.Bd5 exf3 14.Bxc6 fxg2 15.Qxg4 gxf1=Q+ 16.Rxf1 Qc8 17.Bd7 h5 18.Qf5 g6 19.Bxc8 gxf5 20.Bxf5 Rad8 21.f4 Kh8 22.Kf2 a5 23.Kf3 c5 24.Be4 f6 25.e6 f5 26.Bc6 Rb8 27.Rd1 Rb6 28.Bd7 Rd6 29.Re1 Kg7 30.Bxb5 Rb6 31.a4 Kh6 32.b4 Rxe6 33.bxa5 Ra8 34.a6 Bf6 35.Rd1 Rexa6 36.Bxa6 Rxa6 37.Bxc5 Rxa4 38.Bd4 Kg6 39.Ke3 h4 40.Rd2 Kf7 41.h3 Ke6 42.Bxf6 Re4+ 43.Kd3 Kxf6 44.Rf2 Ra4 45.Rf3 Kf7 46.Kc2 Ke6 47.Kb3 Ra1 48.Kc4 Kd6 49.Rd3+ Kc6 50.Kd4 Kd6 51.c4 Re1 52.Re3 Rd1+ 53.Rd3 Re1 54.Kc3+ Kc6 55.Rd5 Re3+ 56.Kb4 Rxh3 57.Rxf5 Rh1 58.Rf6+ Kd7 59.Rh6 h3 60.Kc5 Ke7 61.Kc6 h2 62.c5 Kf7 63.f5 Kg7 64.Rg6+ Kf7 65.Rg2 Ke7 66.Rd2 1-0

[Event "FIDE Grand Swiss 2023"]
[Site "Villa Marina, Douglas, Isle of Man"]
[Date "2023.11.01"]
[Round "7.36"]
[White "Kuybokarov, Temur"]
[Black "Mamedov, Rauf"]
[Result "1/2-1/2"]
[WhiteElo "2584"]
[BlackElo "2640"]
[EventDate "2023.10.25"]
[ECO "B14"]
[PlyCount "56"]
[BlackFideId "13401653"]
[TimeControl "40/100 + 20/50 + 15 + 30s/move"]
[WhiteFideId "14203049"]

1.c4 c6 2.e4 d5 3.exd5 cxd5 4.d4 Nf6 5.Nc3 g6 6.Qb3 Bg7 7.cxd5 O-O 8.Be2 Qb6 9.Nf3 Rd8 10.Bc4 Na6 11.O-O Qxb3 12.Bxb3 Nc7 13.Re1 Ncxd5 14.Nxd5 Nxd5 15.Bxd5 Rxd5 16.Rxe7 Bd7 17.Bd2 Bf6 18.Ree1 Bxd4 19.Nxd4 Rxd4 20.Bc3 Rd5 21.Rad1 Rxd1 22.Rxd1 Bc6 23.f3 Re8 24.Bf6 Re6 25.Rd8+ Re8 26.Rd1 Re6 27.Rd8+ Re8 28.Rd1 Re6 1/2-1/2

[Event "FIDE Grand Swiss 2023"]
[Site "Villa Marina, Douglas, Isle of Man"]
[Date "2023.11.01"]
[Round "7.37"]
[White "Martirosyan, Haik M."]
[Black "Bachmann, Axel"]
[Result "1/2-1/2"]
[WhiteElo "2696"]
[BlackElo "2604"]
[EventDate "2023.10.25"]
[ECO "A90"]
[PlyCount "117"]
[BlackFideId "3700488"]
[TimeControl "40/100 + 20/50 + 15 + 30s/move"]
[WhiteFideId "13306553"]

1.d4 d5 2.c4 e6 3.Nf3 c6 4.Nbd2 f5 5.g3 Nf6 6.Bg2 Bd6 7.O-O O-O 8.Qc2 Qe7 9.Ne5 b6 10.cxd5 cxd5 11.Ndc4 Bc7 12.b3 b5 13.Nd2 Bd6 14.Bb2 a5 15.Rfc1 Ba6 16.e3 b4 17.Qd1 Qb7 18.Rc2 Nbd7 19.Rac1 Rfc8 20.Ndc4 Bc7 21.h3 Nf8 22.g4 fxg4 23.hxg4 Ne4 24.Nd2 Nxd2 25.Qxd2 Bd6 26.Nc4 Bc7 27.f4 Ng6 28.Ne5 Bd6 29.Nd3 Rxc2 30.Rxc2 Nh4 31.Nc5 Qb5 32.Nxa6 Qxa6 33.Bh1 Rc8 34.Qc1 Rxc2 35.Qxc2 Be7 36.e4 Ng6 37.Bc1 dxe4 38.Qxe4 Qd6 39.Be3 Bd8 40.f5 exf5 41.gxf5 Ne7 42.Bg2 Bb6 43.Bf2 Kf8 44.Bf1 g6 45.fxg6 hxg6 46.Bc4 Kg7 47.Kg2 Nf5 48.Qe5+ Qf6 49.Bd3 Nxd4 50.Qd5 Ne6 51.Qb7+ Bc7 52.Bc4 Qg5+ 53.Kf1 Qc1+ 54.Kg2 Nf4+ 55.Kh2 Nd5+ 56.Kg2 Nf4+ 57.Kh2 Nd5+ 58.Kg2 Nf4+ 59.Kh2 1/2-1/2

[Event "FIDE Grand Swiss 2023"]
[Site "Villa Marina, Douglas, Isle of Man"]
[Date "2023.11.01"]
[Round "7.38"]
[White "Xiong, Jeffery"]
[Black "Akobian, Varuzhan"]
[Result "1/2-1/2"]
[WhiteElo "2693"]
[BlackElo "2582"]
[EventDate "2023.10.25"]
[ECO "E05"]
[PlyCount "67"]
[BlackClock "00:11:25"]
[BlackFideId "13300580"]
[TimeControl "40/100 + 20/50 + 15 + 30s/move"]
[WhiteClock "00:11:43"]
[WhiteFideId "2047640"]

1.Nf3 d5 2.g3 Nf6 3.Bg2 e6 4.O-O Be7 5.d4 O-O 6.c4 dxc4 7.Qc2 a6 8.a4 Bd7 9.Qxc4 Bc6 10.Bg5 h6 11.Bxf6 Bxf6 12.Rd1 a5 13.Nc3 Bxf3 14.Bxf3 c6 15.h4 Na6 16.e3 Nb4 17.Rd2 Rc8 18.Rad1 Qc7 19.h5 Rfd8 20.Be4 Nd5 21.Kg2 Be7 22.Bf3 Bg5 23.Qe2 Be7 24.Rc2 Nb4 25.Rcc1 Qb6 26.Be4 Nd5 27.Bb1 Nf6 28.Ne4 Nxe4 29.Bxe4 Bf6 30.Rc4 Rc7 31.Rb1 Rdd7 32.Rd1 Rd8 33.Rb1 Rdd7 34.Rd1 1/2-1/2

[Event "FIDE Grand Swiss 2023"]
[Site "Villa Marina, Douglas, Isle of Man"]
[Date "2023.11.01"]
[Round "7.39"]
[White "Theodorou, Nikolas"]
[Black "Navara, David"]
[Result "1/2-1/2"]
[WhiteElo "2619"]
[BlackElo "2689"]
[EventDate "2023.10.25"]
[ECO "A07"]
[PlyCount "66"]
[BlackClock "00:49:04"]
[BlackFideId "309095"]
[TimeControl "40/100 + 20/50 + 15 + 30s/move"]
[WhiteClock "00:07:58"]
[WhiteFideId "4262875"]

1.Nf3 d5 2.g3 Nf6 3.Bg2 e6 4.O-O Be7 5.d3 O-O 6.Bf4 c5 7.a4 Nc6 8.e4 Nh5 9.Bd2 Nf6 10.e5 Ng4 11.Qe2 f6 12.exf6 Bxf6 13.c3 Kh8 14.Na3 e5 15.h3 Nh6 16.Bxh6 gxh6 17.Rad1 Be6 18.c4 Qd7 19.cxd5 Bxd5 20.Nc4 Rae8 21.Qe3 Bg7 22.Nfd2 Be6 23.Qxc5 Bxh3 24.Qd6 Qg4 25.Qd5 Nd4 26.Bxh3 Qxh3 27.Rde1 e4 28.dxe4 Rxf2 29.Rxf2 Qxg3+ 30.Kf1 Qh3+ 31.Kg1 Qg3+ 32.Kf1 Qh3+ 33.Kg1 Qg3+ 1/2-1/2

[Event "FIDE Grand Swiss 2023"]
[Site "Villa Marina, Douglas, Isle of Man"]
[Date "2023.11.01"]
[Round "7.40"]
[White "Kollars, Dmitrij"]
[Black "Sargissian, Gabriel"]
[Result "0-1"]
[WhiteElo "2633"]
[BlackElo "2686"]
[EventDate "2023.10.25"]
[ECO "C84"]
[PlyCount "94"]
[BlackClock "00:54:30"]
[BlackFideId "13300881"]
[TimeControl "40/100 + 20/50 + 15 + 30s/move"]
[WhiteClock "00:29:46"]
[WhiteFideId "12909572"]

1.e4 e5 2.Nf3 Nc6 3.Bb5 a6 4.Ba4 Nf6 5.O-O Be7 6.d3 b5 7.Bb3 d6 8.a3 Na5 9.Ba2 c5 10.Nc3 Be6 11.Nh4 c4 12.Nf5 Bxf5 13.exf5 d5 14.Bg5 O-O 15.Qe1 Rc8 16.Bxf6 Bxf6 17.Nxd5 Qxd5 18.Qxa5 Qc6 19.dxc4 bxc4 20.Qe1 e4 21.c3 Rcd8 22.Qe2 Rd3 23.Bb1 Re8 24.Re1 g6 25.Bxd3 cxd3 26.Qg4 Qd5 27.Rad1 Kg7 28.fxg6 hxg6 29.h4 Re6 30.h5 Qf5 31.Qxf5 gxf5 32.f3 Bh4 33.Re3 Bg5 34.Kf2 Bxe3+ 35.Kxe3 f4+ 36.Kd2 f5 37.Re1 Kh6 38.c4 Kxh5 39.Rh1+ Kg5 40.c5 Re5 41.Re1 e3+ 42.Kxd3 Rxc5 43.b4 Rd5+ 44.Kc3 Kh4 45.a4 Kg3 46.Re2 Kh2 47.Rb2 Kg1 0-1

[Event "FIDE Grand Swiss 2023"]
[Site "Villa Marina, Douglas, Isle of Man"]
[Date "2023.11.01"]
[Round "7.41"]
[White "Amin, Bassem"]
[Black "Vokhidov, Shamsiddin"]
[Result "1/2-1/2"]
[WhiteElo "2680"]
[BlackElo "2578"]
[EventDate "2023.10.25"]
[ECO "A05"]
[PlyCount "63"]
[BlackClock "00:06:22"]
[BlackFideId "14204223"]
[TimeControl "40/100 + 20/50 + 15 + 30s/move"]
[WhiteClock "00:24:12"]
[WhiteFideId "10601457"]

1.Nf3 c5 2.g3 Nc6 3.c4 Nf6 4.Bg2 d5 5.cxd5 Nxd5 6.Nc3 Nc7 7.a3 g6 8.h4 h6 9.b4 cxb4 10.axb4 Bg7 11.Ba3 a6 12.O-O O-O 13.Rc1 Nb5 14.Bb2 Nd6 15.Na4 Bxb2 16.Nxb2 Nxb4 17.Ne5 Be6 18.d4 Bd5 19.Qd2 Bxg2 20.Kxg2 a5 21.Rfd1 Kg7 22.d5 Rc8 23.Nbc4 Nxc4 24.Nxc4 b5 25.Nxa5 Rxc1 26.Qxc1 Qxa5 27.Qc3+ Kg8 28.Rd4 Qa2 29.Qxb4 Qxe2 30.Re4 Qd3 31.Rd4 Qe2 32.Re4 1/2-1/2

[Event "FIDE Grand Swiss 2023"]
[Site "Villa Marina, Douglas, Isle of Man"]
[Date "2023.11.01"]
[Round "7.42"]
[White "Wagner, Dennis"]
[Black "Matlakov, Maxim"]
[Result "0-1"]
[WhiteElo "2589"]
[BlackElo "2674"]
[EventDate "2023.10.25"]
[ECO "A46"]
[PlyCount "70"]
[BlackClock "00:02:40"]
[BlackFideId "4168003"]
[TimeControl "40/100 + 20/50 + 15 + 30s/move"]
[WhiteClock "00:01:55"]
[WhiteFideId "24650684"]

1.d4 Nf6 2.Nf3 e6 3.g3 c5 4.Bg2 cxd4 5.O-O d5 6.Nxd4 e5 7.Nb3 Nc6 8.c4 d4 9.f4 e4 10.f5 Be7 11.Bg5 Ng4 12.Bc1 Bd6 13.Nxd4 O-O 14.Nc3 Bc5 15.e3 Nxd4 16.Qxg4 Nc2 17.Nxe4 Bxe3+ 18.Kh1 Bxc1 19.Raxc1 Ne3 20.Qf4 Nxf1 21.Rxf1 Qd4 22.f6 h6 23.fxg7 Kxg7 24.Qc7 Be6 25.b3 Rad8 26.Nf6 b6 27.Qxa7 Qe5 28.Qxb6 Rd2 29.Qb4 Rfd8 30.Qe7 Qe2 31.Rg1 Rd1 32.Ne8+ Rxe8 33.Qxe8 Rxg1+ 34.Kxg1 Qe3+ 35.Kf1 Bxc4+ 0-1

[Event "FIDE Grand Swiss 2023"]
[Site "Villa Marina, Douglas, Isle of Man"]
[Date "2023.11.01"]
[Round "7.43"]
[White "Dardha, Daniel"]
[Black "Volokitin, Andrei"]
[Result "0-1"]
[WhiteElo "2580"]
[BlackElo "2664"]
[EventDate "2023.10.25"]
[ECO "E11"]
[PlyCount "82"]
[BlackClock "00:25:15"]
[BlackFideId "14107090"]
[TimeControl "40/100 + 20/50 + 15 + 30s/move"]
[WhiteClock "00:02:29"]
[WhiteFideId "240990"]

1.d4 Nf6 2.c4 e6 3.g3 d5 4.Bg2 Bb4+ 5.Bd2 Be7 6.Nf3 O-O 7.O-O c6 8.Qc2 Nbd7 9.Bf4 b6 10.Rd1 Ba6 11.cxd5 cxd5 12.Ne5 Nxe5 13.dxe5 Ng4 14.h3 Rc8 15.Nc3 Nxf2 16.Kxf2 Bc5+ 17.Be3 Bxe3+ 18.Kxe3 b5 19.Qd2 Qb6+ 20.Qd4 Qb8 21.Kf2 b4 22.Na4 Qb5 23.Rd2 Qxa4 24.Qxa7 b3 25.Qe3 Qa5 26.a3 Rc2 27.Rxc2 bxc2 28.Rc1 Rc8 29.Bf3 h6 30.g4 Bb5 31.g5 hxg5 32.Qxg5 Qb6+ 33.Kg2 Ba4 34.Bh5 Qxb2 35.Rf1 c1=Q 36.Bxf7+ Kh8 37.Rxc1 Qxc1 38.Qh4+ Qh6 39.Qxa4 Rf8 40.Qc6 Qg5+ 41.Kh1 Qf5 0-1

[Event "FIDE Grand Swiss 2023"]
[Site "Villa Marina, Douglas, Isle of Man"]
[Date "2023.11.01"]
[Round "7.44"]
[White "Ivanchuk, Vasyl"]
[Black "Karthikeyan, Murali"]
[Result "1/2-1/2"]
[WhiteElo "2653"]
[BlackElo "2611"]
[EventDate "2023.10.25"]
[ECO "A20"]
[PlyCount "74"]
[BlackFideId "5074452"]
[TimeControl "40/100 + 20/50 + 15 + 30s/move"]
[WhiteFideId "14100010"]

1.c4 e5 2.g3 Nc6 3.Nc3 f5 4.Nf3 Nf6 5.d4 e4 6.Nh4 d5 7.Bg5 Bb4 8.e3 O-O 9.Rc1 Be6 10.cxd5 Qxd5 11.a3 Bxc3+ 12.Rxc3 Qd6 13.Bxf6 Rxf6 14.Ng2 Ne7 15.Nf4 Nd5 16.Nxd5 Bxd5 17.Bc4 c6 18.Qb3 Qd7 19.Bxd5+ cxd5 20.Kd2 Rb6 21.Qc2 Rf8 22.Rc1 g5 23.Rc7 Qd6 24.b4 f4 25.Ke1 fxe3 26.fxe3 Qf6 27.Qe2 Qf5 28.g4 Qf3 29.Rc8 Qxe2+ 30.Kxe2 Rh6 31.Rxf8+ Kxf8 32.Rc8+ Ke7 33.Rc7+ Kd6 34.Rxb7 Rxh2+ 35.Kf1 Rh3 36.Ke2 Rh2+ 37.Kf1 Rh3 1/2-1/2

[Event "FIDE Grand Swiss 2023"]
[Site "Villa Marina, Douglas, Isle of Man"]
[Date "2023.11.01"]
[Round "7.45"]
[White "Maurizzi, Marc`andria"]
[Black "Santos Latasa, Jaime"]
[Result "1-0"]
[WhiteElo "2555"]
[BlackElo "2650"]
[EventDate "2023.10.25"]
[ECO "A05"]
[PlyCount "125"]
[BlackClock "00:51:46"]
[BlackFideId "2293307"]
[TimeControl "40/100 + 20/50 + 15 + 30s/move"]
[WhiteClock "00:23:54"]
[WhiteFideId "36083534"]

1.Nf3 Nf6 2.g3 c5 3.Bg2 Nc6 4.O-O e5 5.e4 d6 6.c3 Nxe4 7.Re1 f5 8.d3 Nf6 9.b4 cxb4 10.cxb4 Qd7 11.b5 Nd8 12.Nc3 Be7 13.Qb3 Qe6 14.Qa4 O-O 15.Ba3 Qd7 16.Nd2 Nf7 17.Nc4 f4 18.d4 f3 19.dxe5 Ng5 20.e6 Qe8 21.Bf1 d5 22.Bxe7 Qxe7 23.Nb6 axb6 24.Qxa8 Bxe6 25.Qa4 Rc8 26.Rac1 Rc5 27.Qf4 h6 28.h4 Nge4 29.Qxf3 Qc7 30.Nxe4 dxe4 31.Qe3 Bxa2 32.Bg2 Bd5 33.Red1 Kh8 34.Bf1 Be6 35.Be2 Kg8 36.Qd2 Bd5 37.Rxc5 bxc5 38.Qc3 Kh8 39.Qe3 Bf7 40.Rd2 Kg8 41.Rd1 Kh8 42.Qf4 Qxf4 43.gxf4 Kh7 44.f5 Bd5 45.Rc1 b6 46.Ra1 Bb3 47.Ra6 Nd5 48.Bh5 g5 49.fxg6+ Kg7 50.Ra7+ Kg8 51.Bg4 Nf4 52.Rb7 h5 53.Bf5 Bd5 54.Rxb6 c4 55.Rc6 c3 56.Rc5 Kg7 57.Kh2 Kf6 58.b6 Bb7 59.g7 Kxg7 60.Rc7+ Kf6 61.Rxb7 Kxf5 62.Rc7 Nd5 63.Rc5 1-0

[Event "FIDE Grand Swiss 2023"]
[Site "Villa Marina, Douglas, Isle of Man"]
[Date "2023.11.01"]
[Round "7.46"]
[White "Warmerdam, Max"]
[Black "Adhiban, B."]
[Result "1-0"]
[WhiteElo "2636"]
[BlackElo "2551"]
[EventDate "2023.10.25"]
[ECO "D78"]
[PlyCount "125"]
[BlackFideId "5018471"]
[TimeControl "40/100 + 20/50 + 15 + 30s/move"]
[WhiteFideId "1048104"]

1.d4 Nf6 2.c4 g6 3.g3 c6 4.Bg2 d5 5.Nf3 Bg7 6.O-O dxc4 7.Nc3 O-O 8.e4 b5 9.Qe2 a5 10.Rd1 Nbd7 11.d5 cxd5 12.e5 b4 13.exf6 Nxf6 14.Na4 e6 15.Be3 Bd7 16.Nc5 Rc8 17.Bd4 Qe7 18.Nxd7 Qxd7 19.Ne5 Qc7 20.a3 b3 21.a4 Nd7 22.f4 Rfe8 23.Kh1 Nxe5 24.fxe5 Bf8 25.h4 Bc5 26.Rac1 Bxd4 27.Rxd4 Qb6 28.Qd2 Qb4 29.Qh6 Qf8 30.Qe3 Rc7 31.h5 Qb4 32.Bh3 Qxa4 33.Qh6 Qb4 34.hxg6 fxg6 35.Rf1 Rg7 36.Rdf4 Qb8 37.Rf6 Qc8 38.Qf4 Rge7 39.Qh6 Rg7 40.Kh2 a4 41.Qf4 Rge7 42.Rf7 a3 43.Qf6 Rxf7 44.Qxf7+ Kh8 45.Rf4 Rf8 46.Qe7 Rxf4 47.gxf4 axb2 48.Qf6+ Kg8 49.Bxe6+ Qxe6 50.Qxe6+ Kg7 51.Qf6+ Kh6 52.Qh4+ Kg7 53.Qe1 Kf7 54.Qb1 c3 55.f5 c2 56.Qxb2 gxf5 57.Kg3 Kg6 58.Kf4 d4 59.e6 d3 60.e7 Kf7 61.Qxb3+ Kxe7 62.Qa3+ Ke6 63.Ke3 1-0

[Event "FIDE Grand Swiss 2023"]
[Site "Villa Marina, Douglas, Isle of Man"]
[Date "2023.11.01"]
[Round "7.47"]
[White "Amar, Elham"]
[Black "Gukesh, D"]
[Result "0-1"]
[WhiteElo "2568"]
[BlackElo "2758"]
[EventDate "2023.10.25"]
[ECO "C77"]
[PlyCount "78"]
[BlackClock "00:16:56"]
[BlackFideId "46616543"]
[TimeControl "40/100 + 20/50 + 15 + 30s/move"]
[WhiteClock "00:00:02"]
[WhiteFideId "1533533"]

1.e4 e5 2.Nf3 Nc6 3.Bb5 a6 4.Ba4 Nf6 5.d3 b5 6.Bb3 Be7 7.Nc3 d6 8.a3 Rb8 9.h3 a5 10.O-O a4 11.Ba2 O-O 12.Be3 Bd7 13.Nd5 Nxd5 14.Bxd5 Bf6 15.c3 Ne7 16.Ba2 c5 17.Qd2 Bc6 18.Rad1 Ng6 19.d4 cxd4 20.cxd4 Bxe4 21.Ng5 Ba8 22.d5 Bxg5 23.Bxg5 Qd7 24.Be3 Rbc8 25.Rc1 Ne7 26.f4 e4 27.g4 f5 28.g5 Rxc1 29.Rxc1 Rc8 30.Rc6 Kf8 31.Rb6 Rd8 32.Bd4 Bb7 33.Qc3 Bxd5 34.Bxg7+ Ke8 35.Bb1 Rc8 36.Qe3 Bg8 37.Qd4 Qc7 38.Rxd6 Qc1+ 39.Qd1 Nd5 0-1

[Event "FIDE Grand Swiss 2023"]
[Site "Villa Marina, Douglas, Isle of Man"]
[Date "2023.11.01"]
[Round "7.48"]
[White "Kozak, Adam"]
[Black "Van Foreest, Jorden"]
[Result "0-1"]
[WhiteElo "2566"]
[BlackElo "2707"]
[EventDate "2023.10.25"]
[ECO "B10"]
[PlyCount "74"]
[BlackClock "00:25:01"]
[BlackFideId "1039784"]
[TimeControl "40/100 + 20/50 + 15 + 30s/move"]
[WhiteClock "00:00:27"]
[WhiteFideId "753246"]

1.e4 c6 2.Nf3 d5 3.exd5 cxd5 4.Ne5 a6 5.d4 Nc6 6.c4 e6 7.Be2 dxc4 8.Nxc6 bxc6 9.Bxc4 Ne7 10.O-O Nf5 11.Be3 g6 12.Nd2 Bg7 13.Nf3 O-O 14.Rc1 a5 15.b3 Ra7 16.Bd3 Nxd4 17.Be4 e5 18.Re1 Bb7 19.Bxd4 exd4 20.Bxc6 Bh6 21.Rc4 Bxc6 22.Rxc6 d3 23.Rc4 d2 24.Ree4 Re8 25.Rxe8+ Qxe8 26.g4 Re7 27.Kf1 Qa8 28.Rd4 Qc6 29.Rxd2 Bxd2 30.Qxd2 f5 31.Qg5 Rf7 32.Qf4 Qd5 33.Ng5 Qh1+ 34.Ke2 Re7+ 35.Kd3 Rd7+ 36.Kc3 Qe1+ 37.Kc2 Qe2+ 0-1

[Event "FIDE Grand Swiss 2023"]
[Site "Villa Marina, Douglas, Isle of Man"]
[Date "2023.11.01"]
[Round "7.49"]
[White "Donchenko, Alexander"]
[Black "Fawzy, Adham"]
[Result "1/2-1/2"]
[WhiteElo "2676"]
[BlackElo "2535"]
[EventDate "2023.10.25"]
[ECO "A37"]
[PlyCount "63"]
[BlackClock "00:31:28"]
[BlackFideId "10613129"]
[TimeControl "40/100 + 20/50 + 15 + 30s/move"]
[WhiteClock "00:08:54"]
[WhiteFideId "24603295"]

1.c4 c5 2.Nf3 Nc6 3.Nc3 e5 4.g3 g6 5.Bg2 Bg7 6.d3 Nge7 7.Bg5 O-O 8.h4 h6 9.Bxe7 Nxe7 10.h5 g5 11.e4 d6 12.Nh2 Nc6 13.O-O Be6 14.Ng4 a6 15.Ne3 Rb8 16.Bf3 b5 17.b3 Nd4 18.Bg4 Qd7 19.Rc1 Kh8 20.f3 b4 21.Ne2 a5 22.Nxd4 exd4 23.Nf5 a4 24.Rc2 Rg8 25.Kh1 Ra8 26.f4 gxf4 27.gxf4 axb3 28.axb3 Bf6 29.Rg2 Bxf5 30.Bxf5 Qa7 31.Rxg8+ Rxg8 32.Qa1 1/2-1/2